 Dungeon Crawl Stone Soup version 0.22.1-2-g9c5b331 (webtiles) character file.

1989 whitewolfNL the Covered (level 9, -12/75 HPs)
             Began as a Minotaur Berserker on Dec 18, 2018.
             Was an Elder of Trog.
             Killed from afar by an electric eel (14 damage)
             ... with a bolt of electricity
             ... on level 6 of the Dungeon.
             The game lasted 00:25:23 (6188 turns).

whitewolfNL the Covered (Minotaur Berserker)        Turns: 6188, Time: 00:25:24

Health: -12/75     AC: 14    Str: 23    XL:     9   Next: 1%
Magic:  8/8        EV:  9    Int:  5    God:    Trog [****..]
Gold:   247        SH:  0    Dex: 13    Spells: 8/8 levels left

rFire    . . .     SeeInvis .   y - +3 battleaxe
rCold    . . .     Gourm    .   (shield currently unavailable)
rNeg     . . .     Faith    .   l - +0 plate armour
rPois    .         Spirit   .   (helmet restricted)
rElec    .         Reflect  .   (no cloak)
rCorr    .         Harm     .   (no gloves)
MR       .....                  E - +0 pair of boots
Stlth    ..........             (no amulet)
HPRegen  0.22/turn              o - +2 ring of dexterity
MPRegen  0.11/turn              u - +5 ring of slaying

@: no status effects
A: retaliatory headbutt, horns 2
a: Berserk, Trog's Hand, Brothers in Arms, Renounce Religion


You were on level 6 of the Dungeon.
You worshipped Trog.
Trog was greatly pleased with you.
You were not hungry.

You visited 1 branch of the dungeon, and saw 6 of its levels.

You collected 247 gold pieces.

Inventory:

Hand Weapons
 a - a +2 spear of venom
 q - a +0 flail
 t - a +0 blowgun
 y - a +3 battleaxe (weapon)
Missiles
 e - 3 curare-tipped needles
 g - 10 bolts
 m - 2 throwing nets (quivered)
 r - 83 poisoned needles
 s - 79 arrows
Armour
 l - a +0 plate armour (worn)
 E - a +0 pair of boots (worn)
Jewellery
 b - an uncursed ring of stealth
 o - a +2 ring of dexterity (left hand)
 u - a +5 ring of slaying (right hand)
Wands
 D - a wand of enslavement (10)
Scrolls
 d - 4 scrolls of enchant weapon
 f - 5 scrolls of remove curse
 i - a scroll of blinking
 j - a scroll of enchant armour {unknown}
 n - a scroll of immolation
 p - 2 scrolls of fog {unknown}
 v - a scroll of amnesia {unknown}
 x - a scroll of magic mapping {unknown}
 A - a scroll of teleportation {unknown}
Potions
 h - a potion of ambrosia {unknown}
 k - a potion of degeneration {unknown}
 w - 2 potions of might {unknown}
 z - 2 potions of curing {unknown}
 C - a potion of brilliance {unknown}
Comestibles
 c - 7 rations


   Skills:
 * Level 6.3 Fighting
 * Level 3.7(7.0) Axes
 * Level 6.7(7.2) Maces & Flails
 - Level 6.2(6.7) Polearms
 * Level 7.5 Armour
 * Level 5.0 Dodging
 - Level 1.0 Stealth
 * Level 0.7 Evocations


You had 8 spell levels left.
You didn't know any spells.
Your spell library was empty.

Dungeon Overview and Level Annotations

Branches:
Dungeon (6/15)
 Temple: D:4-7

Altars:
Ashenzari


Innate Abilities, Weirdness & Mutations

You reflexively headbutt those who attack you in melee.
You have a pair of horns on your head.


Message History

The bullfrog hits you but does no damage.
You slice the bullfrog!!
You kill the bullfrog!
Trog accepts your kill.
You have reached level 9!
Your experience leads to an increase in your attributes!
Your base attributes are Str 23, Int 5, Dex 10.
Increase (S)trength, (I)ntelligence, or (D)exterity?
You feel agile.
You slash the plant!
The electric eel shoots out a bolt of lightning at you!
The bolt of electricity hits the electric eel.
The electric eel completely resists.
The bolt of electricity hits you!
* * * LOW HITPOINT WARNING * * *
The bolt of electricity hits you!
* * * LOW HITPOINT WARNING * * *
The bolt of electricity hits the plant.
The electric eel shoots out a bolt of lightning at you!
The bolt of electricity hits you!
You die...

#.# ♣≈PP≈≈≈≈♣≈≈...
#.#.PP≈≈♣P≈≈≈≈≈...
#.#≈≈P≈P≈≈≈≈P≈≈...
#.#♣♣≈♣≈≈P♣≈≈P≈P..
#.#♣♣PPP≈≈≈P≈≈≈♣..
#..≈≈≈≈≈≈≈≈≈P♣≈♣..
#.♣P≈≈≈≈≈≈≈≈≈≈≈≈..
#†P≈≈≈≈≈≈
#@≈≈≈≈≈≈≈
#?≈;≈;≈≈≈
#.≈≈;≈≈≈≈
#.PPP≈≈≈≈
#.≈♣P≈≈≈≈
..♣≈P≈≈≈≈
..♣♣≈P≈≈≈ ... ≈≈≈≈


You could see 3 electric eels.

Vanquished Creatures
  The ghost of Lilu the Magician, a novice DEWz of Vehumet (D:4)
  A troll (D:5)
  A phantom (D:6)
  An ogre (D:6)
  3 bullfrogs
  A big kobold (D:4)
  A scorpion (D:6)
  4 wights (D:5)
  2 electric eels (D:6)
  A howler monkey (D:6)
  A crimson imp (D:6)
  A bullfrog skeleton (D:4)
  An orc priest (D:3)
  A hound (D:5)
  4 orc wizards
  3 worker ants
  2 hound skeletons
  A worker ant zombie (D:4)
  3 gnolls (D:5)
  9 adders
  An ooze (D:5)
  A worm (D:3)
  A dart slug (D:2)
  5 leopard geckos
  15 orcs
  A ball python (D:1)
  7 giant cockroaches
  5 goblins
  4 hobgoblins
  15 jackals
  29 kobolds
  6 quokkas
  6 bats
  5 frilled lizards
  A quokka skeleton (D:5)
  6 rats
  23 plants
173 creatures vanquished.

Vanquished Creatures (others)
  A plant (D:6)
1 creature vanquished.

Grand Total: 174 creatures vanquished

Notes
Turn   | Place    | Note
-------+----------+-------------------------------------------
     0 | D:1      | whitewolfNL the Minotaur Berserker began the quest for the
                  | Orb.
     0 | D:1      | Reached XP level 1. HP: 19/19 MP: 0/0
     9 | D:1      | Noticed an ogre
   206 | D:1      | Reached XP level 2. HP: 27/27 MP: 1/1
   532 | D:1      | Reached ** piety under Trog
   664 | D:1      | Reached XP level 3. HP: 33/33 MP: 2/2
   911 | D:2      | Found a shattered altar of Ashenzari.
  1303 | D:2      | Reached skill level 3 in Armour
  1422 | D:2      | Reached XP level 4. HP: 21/40 MP: 3/3
  2379 | D:3      | Reached skill level 5 in Maces & Flails
  2531 | D:3      | Reached XP level 5. HP: 32/46 MP: 4/4
  3098 | D:3      | Reached skill level 4 in Armour
  3323 | D:4      | Reached skill level 1 in Polearms
  3404 | D:4      | Reached *** piety under Trog
  3719 | D:4      | Found a runed gate.
  3719 | D:4      | Found a runed gate.
  3719 | D:4      | Found a runed gate.
  3719 | D:4      | Noticed Lilu's ghost (novice DEWz)
  3730 | D:4      | Reached XP level 6. HP: 53/53 MP: 5/5
  3735 | D:4      | Killed Lilu's ghost
  3735 | D:4      | Reached skill level 5 in Armour
  3735 | D:4      | Reached skill level 1 in Stealth
  3735 | D:4      | Reached XP level 7. HP: 60/60 MP: 6/6
  3891 | D:4      | Reached skill level 5 in Polearms
  3910 | D:4      | Reached **** piety under Trog
  4276 | D:4      | Reached skill level 6 in Armour
  4624 | D:5      | Entered Level 5 of the Dungeon
  4879 | D:5      | Reached skill level 5 in Fighting
  4883 | D:5      | Reached XP level 8. HP: 46/68 MP: 7/7
  5194 | D:5      | Noticed a troll
  5200 | D:5      | Killed a troll
  5200 | D:5      | Reached skill level 1 in Axes
  5433 | D:5      | Reached skill level 7 in Armour
  5803 | D:6      | Reached skill level 5 in Dodging
  6188 | D:6      | Reached XP level 9. HP: 18/75 MP: 8/8
  6188 | D:6      | HP: 2/75 [electric eel/bolt of electricity (13)]
  6188 | D:6      | Killed from afar by an electric eel

Skill      XL: |  1  2  3  4  5  6  7  8 |
---------------+-------------------------+-----
Maces & Flails | 4 5 6 |  6.7
Fighting       | 4 5 6 |  6.3
Armour         | 3 4 5 6 7 |  7.5
Dodging        | 3 4 5 |  5.0
Polearms       | 2 4 5 6 |  6.2
Stealth        | 1 |  1.0
Axes           | 3 |  3.7
Evocations     | |  0.7

Action                   |  1- 3 |  4- 6 |  7- 9 || total
-------------------------+-------+-------+-------++-------
Melee: Mace              |    19 |       |       ||    19
       Headbutt          |     5 |    91 |    63 ||   159
       Whip              |    10 |       |       ||    10
       Flail             |    37 |     2 |       ||    39
       Spear             |       |   255 |   150 ||   405
       Battleaxe         |       |       |    42 ||    42
       Hand axe          |       |       |     1 ||     1
Invok: Berserk           |     2 |     3 |     6 ||    11
  Use: Scroll            |       |     3 |     3 ||     6
       Potion            |       |     1 |       ||     1
 Stab: Sleeping          |       |     2 |       ||     2
       Distracted        |       |     1 |       ||     1
  Eat: Chunk             |     3 |     6 |    11 ||    20
       Ration            |       |     1 |     1 ||     2
Armor: Ring mail         |    19 |     9 |       ||    28
       Plate armour      |       |    48 |    64 ||   112
Dodge: Dodged            |    50 |    52 |    55 ||   157
